TOP OF THE 1ST |
Chicago White Sox batting - Pitching for Seattle Mariners : LHP Sean Manaea
|
Pitching: LHP Sean Manaea
|
|
Batting: RHB Drew Jackson
|
0-0: Ground out 5-3 (Groundball, 56, EV 78.8 MPH)
|
Batting: LHB Michael Brantley
|
0-0: SINGLE (Flyball, 78S, EV 96.3 MPH)
|
Batting: RHB Justin Turner
|
0-0: Called Strike 0-1: Ball 1-1: Fielders Choice at 2nd, 6-4 (Groundball, 6, EV 100.6 MPH)
|
Batting: LHB Corey Seager
|
0-0: Ball 1-0: Called Strike 1-1: Ball 2-1: Ball 3-1: Base on Balls Justin Turner to second
|
Batting: LHB Brandon Belt
|
0-0: Ball 1-0: Ball 2-0: Ball 3-0: Called Strike 3-1: Swinging Strike 3-2: Strikes out swinging
|
Top of the 1st over - 0 runs, 1 hit, 0 errors, 2 left on base; Chicago 0 - Seattle 0 |
BOTTOM OF THE 1ST |
Seattle Mariners batting - Pitching for Chicago White Sox : RHP Chris Flexen
|
Pitching: RHP Chris Flexen
|
|
Batting: LHB Ben Revere
|
0-0: Bunt for hit to 2L - play at first, batter OUT! 2-3
|
Batting: LHB Brandon Nimmo
|
0-0: Foul Ball, location: 2F 0-1: Fly out, F8 (Line Drive, 8RM, EV 104.4 MPH)
|
Batting: RHB Manny Machado
|
0-0: Called Strike 0-1: Hit by Pitch
|
Batting: RHB Brian Dozier
|
0-0: Ball 1-0: Fly out, F7 (Flyball, 7D, EV 98.8 MPH)
|
Bottom of the 1st over - 0 runs, 0 hits, 0 errors, 1 left on base; Chicago 0 - Seattle 0 |
TOP OF THE 2ND |
Chicago White Sox batting - Pitching for Seattle Mariners : LHP Sean Manaea
|
Batting: SHB Melky Cabrera
|
0-0: Called Strike 0-1: Foul Ball, location: 2F 0-2: Fly out, F8 (Flyball, 78D, EV 95.0 MPH)
|
Batting: RHB Jose Trevino
|
0-0: Called Strike 0-1: SINGLE (Groundball, 56D, EV 98.8 MPH)
|
Batting: LHB Andrew Toles
|
0-0: Ball 1-0: Ball 2-0: Foul Ball, location: 2F 2-1: Foul Ball, location: 2F 2-2: Fly out, F9 (Flyball, 9, EV 73.1 MPH)
|
Batting: LHB Marco Hernandez
|
0-0: Ball 1-0: Called Strike 1-1: Swinging Strike 1-2: Foul Ball, location: 2F 1-2: Ball 2-2: Strikes out looking
|
Top of the 2nd over - 0 runs, 1 hit, 0 errors, 1 left on base; Chicago 0 - Seattle 0 |
BOTTOM OF THE 2ND |
Seattle Mariners batting - Pitching for Chicago White Sox : RHP Chris Flexen
|
Batting: RHB Matt Kemp
|
0-0: Called Strike 0-1: Swinging Strike 0-2: SINGLE (Groundball, 56, EV 103.8 MPH) (infield hit)
|
Batting: LHB Rowdy Tellez
|
0-0: Ball 1-0: Foul Ball, location: 2F 1-1: Ball 2-1: Called Strike 2-2: Ground out 6-3 (Groundball, 6, EV 83.1 MPH) Matt Kemp to second
|
Batting: SHB Anthony Santander
|
0-0: Foul Ball, location: 2F 0-1: Ball 1-1: Ball 2-1: Foul Ball, location: 2F 2-2: Ball 3-2: Base on Balls
|
Batting: SHB Jonah Heim
|
0-0: Called Strike 0-1: Ball 1-1: Fly out, F8 (Flyball, 8RM, EV 93.8 MPH)
|
Batting: LHB Eric Sogard
|
0-0: Fly out, F7 (Flyball, 7, EV 90.0 MPH)
|
Bottom of the 2nd over - 0 runs, 1 hit, 0 errors, 2 left on base; Chicago 0 - Seattle 0 |
TOP OF THE 3RD |
Chicago White Sox batting - Pitching for Seattle Mariners : LHP Sean Manaea
|
Batting: RHB Drew Jackson
|
0-0: Ball 1-0: Fly out, F7 (Flyball, 7S, EV 92.5 MPH)
|
Batting: LHB Michael Brantley
|
0-0: Fly out, F7 (Line Drive, 7, EV 93.8 MPH)
|
Batting: RHB Justin Turner
|
0-0: Ball 1-0: Swinging Strike 1-1: Ball 2-1: Foul Ball, location: 2F 2-2: Ball 3-2: Foul Ball, location: 2F 3-2: SINGLE (Line Drive, 8LS, EV 88.8 MPH)
|
Batting: LHB Corey Seager
|
0-0: Ball 1-0: Ball 2-0: Fielders Choice at 2nd, 6-4 (Groundball, 6, EV 103.8 MPH)
|
Top of the 3rd over - 0 runs, 1 hit, 0 errors, 1 left on base; Chicago 0 - Seattle 0 |
BOTTOM OF THE 3RD |
Seattle Mariners batting - Pitching for Chicago White Sox : RHP Chris Flexen
|
Batting: LHB Ben Revere
|
0-0: Fly out, F9 (Flyball, 9, EV 94.4 MPH)
|
Batting: LHB Brandon Nimmo
|
0-0: Fly out, F7 (Flyball, 7S, EV 83.1 MPH)
|
Batting: RHB Manny Machado
|
0-0: Ball 1-0: DOUBLE (Groundball, 5L, EV 101.9 MPH)
|
Batting: RHB Brian Dozier
|
0-0: Called Strike 0-1: Ball 1-1: Swinging Strike 1-2: Foul Ball, location: 2F 1-2: Ball 2-2: Foul Ball, location: 2F 2-2: DOUBLE (Flyball, 7LD, EV 96.9 MPH) Manny Machado scores
|
Batting: RHB Matt Kemp
|
0-0: Called Strike 0-1: Reached on error, E6 (Groundball, 56, EV 111.9 MPH) Brian Dozier to third
|
Batting: LHB Rowdy Tellez
|
0-0: SINGLE (Groundball, 6MD, EV 104.4 MPH) Brian Dozier scores Matt Kemp to second
|
Batting: SHB Anthony Santander
|
0-0: Called Strike 0-1: Hit by Pitch Matt Kemp to third Rowdy Tellez to second
|
Batting: SHB Jonah Heim
|
0-0: Called Strike 0-1: Ball 1-1: Ground out 4-3 (Groundball, 4S, EV 66.3 MPH)
|
Bottom of the 3rd over - 2 runs, 3 hits, 1 error, 3 left on base; Chicago 0 - Seattle 2 |
TOP OF THE 4TH |
Chicago White Sox batting - Pitching for Seattle Mariners : LHP Sean Manaea
|
Batting: LHB Brandon Belt
|
0-0: Ball 1-0: Swinging Strike 1-1: Ball 2-1: Foul Ball, location: 2F 2-2: Ball 3-2: Fly out, F7 (Line Drive, 7, EV 90.6 MPH)
|
Batting: SHB Melky Cabrera
|
0-0: Ball 1-0: Fly out, F3 (Popup, 3SF, EV 84.4 MPH)
|
Batting: RHB Jose Trevino
|
0-0: Ball 1-0: Ball 2-0: Ball 3-0: Foul Ball, location: 2F 3-1: Base on Balls
|
Batting: LHB Andrew Toles
|
Pickoff Throw to First - Out! 1-3
|
Top of the 4th over - 0 runs, 0 hits, 0 errors, 0 left on base; Chicago 0 - Seattle 2 |
BOTTOM OF THE 4TH |
Seattle Mariners batting - Pitching for Chicago White Sox : RHP Chris Flexen
|
Batting: LHB Eric Sogard
|
0-0: Ball 1-0: Called Strike 1-1: Called Strike 1-2: Foul Ball, location: 2F 1-2: Strikes out looking
|
Batting: LHB Ben Revere
|
0-0: Ball 1-0: Ball 2-0: Foul Ball, location: 2F 2-1: Ball 3-1: Called Strike 3-2: SINGLE (Groundball, 4MD, EV 98.8 MPH)
|
Batting: LHB Brandon Nimmo
|
0-0: Ball 1-0: Ball 2-0: Fielders Choice at 2nd, 3-6 (Groundball, 34, EV 88.1 MPH)
|
Batting: RHB Manny Machado
|
0-0: Ball 1-0: Called Strike 1-1: Fielders Choice at 2nd, 6-4 (Groundball, 6, EV 88.8 MPH)
|
Bottom of the 4th over - 0 runs, 1 hit, 0 errors, 1 left on base; Chicago 0 - Seattle 2 |
TOP OF THE 5TH |
Chicago White Sox batting - Pitching for Seattle Mariners : LHP Sean Manaea
|
Batting: LHB Andrew Toles
|
0-0: Ball 1-0: Foul Ball, location: 2F 1-1: Fly out, F7 (Line Drive, 7LM, EV 96.9 MPH)
|
Batting: LHB Marco Hernandez
|
0-0: Ball 1-0: Ball 2-0: Ball 3-0: Base on Balls
|
Batting: RHB Drew Jackson
|
0-0: Called Strike 0-1: Ball 1-1: Foul Ball, location: 2F 1-2: Foul Ball, location: 2F 1-2: Foul Ball, location: 2F 1-2: Ball 2-2: Fly out, F8 (Flyball, 8RM, EV 88.1 MPH)
|
Batting: LHB Michael Brantley
|
0-0: Ball 1-0: Ball 2-0: Ground out 4-3 (Groundball, 4S, EV 85.0 MPH)
|
Top of the 5th over - 0 runs, 0 hits, 0 errors, 1 left on base; Chicago 0 - Seattle 2 |
BOTTOM OF THE 5TH |
Seattle Mariners batting - Pitching for Chicago White Sox : RHP Chris Flexen
|
Batting: RHB Brian Dozier
|
0-0: Ball 1-0: Fly out, F8 (Line Drive, 8RD, EV 98.1 MPH)
|
Batting: RHB Matt Kemp
|
0-0: Swinging Strike 0-1: Ball 1-1: Swinging Strike 1-2: Fly out, F7 (Flyball, 7S, EV 92.5 MPH)
|
Batting: LHB Rowdy Tellez
|
0-0: Ball 1-0: Called Strike 1-1: Swinging Strike 1-2: Fly out, F3 (Line Drive, 3, EV 71.3 MPH)
|
Bottom of the 5th over - 0 runs, 0 hits, 0 errors, 0 left on base; Chicago 0 - Seattle 2 |
TOP OF THE 6TH |
Chicago White Sox batting - Pitching for Seattle Mariners : LHP Sean Manaea
|
Batting: RHB Justin Turner
|
0-0: Called Strike 0-1: Foul Ball, location: 2F 0-2: SINGLE (Flyball, 9LS, EV 90.6 MPH)
|
Batting: LHB Corey Seager
|
0-0: Called Strike 0-1: Ball 1-1: Foul Ball, location: 2F 1-2: DOUBLE (Line Drive, 7LM, EV 109.4 MPH) Justin Turner to third
|
Batting: LHB Brandon Belt
|
0-0: Called Strike 0-1: Ball 1-1: Called Strike 1-2: Foul Ball, location: 2F 1-2: Ground out 4-3 (Groundball, 4, EV 106.9 MPH) Justin Turner scores Corey Seager to third
|
Batting: SHB Melky Cabrera
|
0-0: Fly out, F7 (Flyball, 7, EV 73.8 MPH) Runner from 3rd tags up, SCORES, throw by LF
|
Batting: RHB Jose Trevino
|
0-0: Ball 1-0: Foul Ball, location: 2F 1-1: Fly out, F6 (Popup, 6M, EV 58.8 MPH)
|
Top of the 6th over - 2 runs, 2 hits, 0 errors, 0 left on base; Chicago 2 - Seattle 2 |
BOTTOM OF THE 6TH |
Seattle Mariners batting - Pitching for Chicago White Sox : RHP Chris Flexen
|
Batting: SHB Anthony Santander
|
0-0: Ball 1-0: Called Strike 1-1: Ball 2-1: SINGLE (Line Drive, 89S, EV 93.1 MPH)
|
Batting: SHB Jonah Heim
|
0-0: Called Strike 0-1: Called Strike 0-2: Fly out, F7 (Flyball, 78M, EV 97.5 MPH)
|
Batting: LHB Eric Sogard
|
0-0: Ball Anthony Santander steals 2nd base 1-0: Ball 2-0: Ground out 4-3 (Groundball, 4, EV 91.3 MPH) Anthony Santander to third
|
Batting: LHB Ben Revere
|
0-0: Foul Ball, location: 2F 0-1: Ball 1-1: Ground out U3 (Groundball, 3, EV 85.0 MPH)
|
Bottom of the 6th over - 0 runs, 1 hit, 0 errors, 1 left on base; Chicago 2 - Seattle 2 |
TOP OF THE 7TH |
Chicago White Sox batting - Pitching for Seattle Mariners : LHP Sean Manaea
|
Pitching: RHP Alex Wilson
|
|
Batting: LHB Andrew Toles
|
0-0: Swinging Strike 0-1: SINGLE (Line Drive, 7S, EV 90.6 MPH)
|
Batting: LHB Marco Hernandez
|
0-0: Called Strike 0-1: Swinging Strike 0-2: Ball 1-2: Ball 2-2: Ball 3-2: SINGLE (Groundball, 6D, EV 111.9 MPH) Andrew Toles to second
|
Batting: RHB Drew Jackson
|
0-0: Ball 1-0: Called Strike 1-1: Called Strike 1-2: Foul Ball, location: 2F 1-2: Strikes out looking
|
Batting: LHB Michael Brantley
|
0-0: Foul Ball, location: 2F 0-1: Ball 1-1: Ground out 6-3 (Groundball, 6MS, EV 69.4 MPH) Andrew Toles to third Marco Hernandez to second
|
Batting: RHB Justin Turner
|
0-0: Intentional Walk
|
Batting: LHB Corey Seager
|
0-0: Called Strike 0-1: Ball 1-1: Ball 2-1: Fly out, F7 (Line Drive, 7, EV 103.8 MPH)
|
Top of the 7th over - 0 runs, 2 hits, 0 errors, 3 left on base; Chicago 2 - Seattle 2 |
BOTTOM OF THE 7TH |
Seattle Mariners batting - Pitching for Chicago White Sox : RHP Chris Flexen
|
Batting: LHB Brandon Nimmo
|
0-0: Foul Ball, location: 2F 0-1: Foul Ball, location: 2F 0-2: Ball 1-2: Fly out, F7 (Line Drive, 7D, EV 93.8 MPH)
|
Batting: RHB Manny Machado
|
0-0: Foul Ball, location: 2F 0-1: Ball 1-1: Ball 2-1: SINGLE (Line Drive, 89M, EV 91.9 MPH)
|
Batting: RHB Brian Dozier
|
0-0: Ball 1-0: Swinging Strike 1-1: Ball 2-1: Ball 3-1: Base on Balls Manny Machado to second
|
Pitching: LHP Blake Weiman
|
|
Batting: RHB Matt Kemp
|
0-0: Ball 1-0: Reached on error, E5 (Groundball, 56, EV 90.6 MPH) Manny Machado to third Brian Dozier to second
|
Batting: LHB Rowdy Tellez
|
0-0: Ball 1-0: Called Strike 1-1: Ball 2-1: SINGLE (Groundball, 4D, EV 95.0 MPH) Manny Machado scores Brian Dozier to third Matt Kemp to second
|
Batting: SHB Anthony Santander
|
0-0: Called Strike 0-1: DOUBLE (Line Drive, 78M, EV 90.6 MPH) Brian Dozier scores Matt Kemp scores Rowdy Tellez to third
|
Batting: SHB Jonah Heim
|
0-0: Ball 1-0: Fly out, F7 (Flyball, 7, EV 82.5 MPH) Runner from 3rd tags up, SCORES, throw by LF
|
Batting: LHB Eric Sogard
|
0-0: Ball 1-0: Swinging Strike 1-1: Ground out 4-3 (Groundball, 4, EV 79.4 MPH)
|
Bottom of the 7th over - 4 runs, 3 hits, 1 error, 1 left on base; Chicago 2 - Seattle 6 |
TOP OF THE 8TH |
Chicago White Sox batting - Pitching for Seattle Mariners : RHP Alex Wilson
|
Pitching: RHP Wily Peralta
|
|
Batting: LHB Brandon Belt
|
0-0: Foul Ball, location: 2F 0-1: Called Strike 0-2: Ball 1-2: SINGLE (Line Drive, 4MD, EV 105.0 MPH)
|
Batting: SHB Melky Cabrera
|
0-0: Called Strike 0-1: Called Strike 0-2: Ball 1-2: SINGLE (Line Drive, 4MD, EV 95.6 MPH) Brandon Belt to second
|
Batting: RHB Jose Trevino
|
0-0: Called Strike 0-1: Swinging Strike 0-2: Strikes out swinging
|
Batting: LHB Andrew Toles
|
0-0: Ball 1-0: Called Strike 1-1: Ball 2-1: Fly out, F8 (Flyball, 8LS, EV 90.6 MPH)
|
Batting: LHB Marco Hernandez
|
0-0: Foul Ball, location: 2F 0-1: Ball 1-1: Ball 2-1: Foul Ball, location: 2F 2-2: Ball 3-2: Strikes out swinging
|
Top of the 8th over - 0 runs, 2 hits, 0 errors, 2 left on base; Chicago 2 - Seattle 6 |
BOTTOM OF THE 8TH |
Seattle Mariners batting - Pitching for Chicago White Sox : LHP Blake Weiman
|
Pitching: LHP Richard Lovelady
|
|
Batting: LHB Ben Revere
|
0-0: Foul Ball, location: 2F 0-1: Ground out 4-3 (Groundball, 4, EV 88.8 MPH)
|
Batting: LHB Brandon Nimmo
|
0-0: Ball 1-0: Called Strike 1-1: Ball 2-1: Called Strike 2-2: Ball 3-2: Base on Balls
|
Batting: RHB Manny Machado
|
0-0: Fly out, F6 (Popup, 6S, EV 78.8 MPH)
|
Batting: RHB Brian Dozier
|
0-0: Called Strike 0-1: Ball 1-1: Ball 2-1: Ground out 6-3 (Groundball, 6, EV 89.4 MPH)
|
Bottom of the 8th over - 0 runs, 0 hits, 0 errors, 1 left on base; Chicago 2 - Seattle 6 |
TOP OF THE 9TH |
Chicago White Sox batting - Pitching for Seattle Mariners : RHP Wily Peralta
|
Pitching: RHP Emilio Pagan
|
|
Batting: RHB Drew Jackson
|
0-0: Ball 1-0: Ball 2-0: Called Strike 2-1: Foul Ball, location: 2F 2-2: Strikes out swinging
|
Batting: LHB Michael Brantley
|
0-0: Fly out, F1 (Popup, 15, EV 81.9 MPH)
|
Batting: RHB Justin Turner
|
0-0: Called Strike 0-1: Ball 1-1: Ball 2-1: Foul Ball, location: 2F 2-2: Ground out 4-3 (Groundball, 4, EV 77.5 MPH)
|
Top of the 9th over - 0 runs, 0 hits, 0 errors, 0 left on base; Chicago 2 - Seattle 6 |
|